 Dungeon Sprint DCSS version 0.28.0 (webtiles) character file.

Game seed: 9855208649516546345

4813 boopmooplesden the Severer (level 10, -8/104 HPs)
             Began as a Minotaur Fighter on Feb 14, 2022.
             Was a Believer of Okawaru.
             Mangled by a tentacle (17 damage)
             ... attached to a kraken
             ... in the Dungeon (Sprint II: "The Violet Keep of Menkaure").
             The game lasted 00:10:43 (2230 turns).

boopmooplesden the Severer (Minotaur Fighter)       Turns: 2230, Time: 00:10:43

Health: -8/104     AC: 13    Str: 24    XL:     10   Next: 24%
Magic:  8/9        EV: 13    Int:  9    God:    Okawaru [**....]
Gold:   113        SH:  8    Dex: 15    Spells: 9/9 levels left

rFire   x x .      SeeInvis .   a - +0 war axe
rCold   + . .      Faith    .   c - +0 buckler
rNeg    + . .      Spirit   .   b - +0 scale mail
rPois   .          Reflect  .   l - +1 hat
rElec   .          Harm     .   q - scarf {shadows}
rCorr   .          Rampage  .   (no gloves)
Will    +....      NoTele   +   f - +1 pair of boots
Stlth   ..........              (no amulet)
HPRegen 0.27/turn               k - ring of ice
MPRegen 0.11/turn               m - ring "Zelui" {+Blink rF- rN+ Int+4 Dex+4}

@: very slow
A: horns 2, retaliatory headbutt, talons 1, strong-willed 1
a: Renounce Religion, Evoke Blink, Heroism


You were in the Dungeon.
You worshipped Okawaru.
Okawaru was pleased with you.
You visited 1 branch You collected 2176 gold pieces.
You spent 2063 gold pieces at shops.

Inventory:

Hand Weapons
 a - a +0 war axe (weapon)
Armour
 b - a +0 scale mail (worn)
 c - a +0 buckler (worn)
 d - a +0 cloak
 f - a +1 pair of boots (worn)
 l - a +1 hat (worn)
 q - a scarf of shadows (worn)
Jewellery
 k - a ring of ice (left hand)
 m - the ring "Zelui" (right hand) {+Blink rF- rN+ Int+4 Dex+4}
   (You bought it in a shop in the Dungeon)

   [ring of positive energy]

   Int:       It affects your intelligence (+4).
   Dex:       It affects your dexterity (+4).
   rF:        It makes you vulnerable to fire.
   rN:        It protects you from negative energy.
   +Blink:    It lets you blink.
 n - a ring of protection from fire
Scrolls
 g - a scroll of fear
 j - 2 scrolls of blinking
Potions
 e - 5 potions of curing
 h - 5 potions of magic
 i - 3 potions of flight
 o - a potion of attraction {unknown}
 p - a potion of ambrosia {unknown}
 r - a potion of lignification {unknown}
 s - a potion of mutation
 t - 2 potions of might
 u - 4 potions of resistance


   Skills:
 + Level 14.6 Fighting
 + Level 15.3 Axes
 + Level 14.4 Armour
 + Level 6.1 Dodging
 + Level 13.7 Shields
 + Level 0.4 Invocations


You had 9 spell levels left.
You didn't know any spells.
Your spell library contained the following spells:

 Spells                   Type           Power      Damage    Failure   Level
 Apportation              Tloc           0%         N/A       65%         1
 Corpse Rot               Necr/Air       0%         N/A       80%         2
 Gell's Gravitas          Tloc           0%         N/A       95%         3
 Teleport Other           Tloc           0%         N/A       95%         3
 Dispel Undead            Necr           0%         3d6       100%        4
 Dispersal                Tloc           0%         N/A       100%        6
 Animate Skeleton         Necr           Unusable   N/A       N/A         1
 Summon Small Mammal      Summ           Unusable   N/A       N/A         1
 Death Channel            Necr           Unusable   N/A       N/A         6

Dungeon Overview and Level Annotations

Branches:
Dungeon (1/1)

Altars:
Cheibriados
Dithmenos
Elyvilon
Fedhas
Gozag
Hepliaklqana
Kikubaaqudgha
Makhleb
Nemelex Xobeh
Okawaru
Qazlal
Ru
Sif Muna
Trog
Uskayaw
Vehumet
Wu Jian
Xom
Yredelemnul
Zin
The Shining One
Beogh
Jiyva
Lugonu

Shops:
D !=:[((!**![?=:[

Annotations:
D exclusion: oklob plant, Roxanne


Innate Abilities, Weirdness & Mutations

You have a pair of horns on your head.
You reflexively headbutt those who attack you in melee.
You have sharp toenails.
You are strong-willed. (Will+)


Message History

The tentacle closely misses you. You furiously retaliate!
You headbutt the tentacle.
Your unstable footing causes you to fumble your attack.
The tentacle slaps you. You block the tentacle's attack.
Your unstable footing causes you to fumble your attack.
The tentacle slaps you!
You hit the tentacle.
The tentacle is lightly wounded.
The tentacle completely misses you. You furiously retaliate!
You headbutt the tentacle! You hit the tentacle.
The tentacle is moderately wounded.
The tentacle closely misses you.
Your unstable footing causes you to fumble your attack.
You block the tentacle's attack.
Your unstable footing causes you to fumble your attack.
The tentacle slaps you but does no damage.
The tentacle closely misses you. You furiously retaliate!
You headbutt the tentacle! You hit the tentacle.
Your headbutt misses the tentacle.
The tentacle is heavily wounded.
The tentacle slaps you!
* * * LOW HITPOINT WARNING * * *
Your unstable footing causes you to fumble your attack.
The tentacle closely misses you. You furiously retaliate!
You headbutt the tentacle.
Your unstable footing causes you to fumble your attack.
The tentacle slaps you!
* * * LOW HITPOINT WARNING * * *
You slice the tentacle!!
You kill the tentacle!
The tentacle slaps you!
* * * LOW HITPOINT WARNING * * *
You block the tentacle's attack. x2
You feel like a meek peon again. You block the tentacle's attack. x2
You barely miss the tentacle. You headbutt the tentacle!
The tentacle is moderately wounded.
The tentacle slaps you!
You die...

#[)▓[[.)..[.▓▓ ##
+.##.#:)▓..|(()((▓▓ .#
^..####▓|(..)...▓▓ .##
#..# .#▓......[.▓▓ ..#
+^.# .#▓..[..(([▓▓ ..#
#..# .#▓.)....)(▓▓
..####..##.#▓..))...[▓▓
....###...##▓▓▓▓▓▓▓Λ▓▓▓▓+▓
......≈≈)≈≈≈≈≈§§@w≈.──X≈≈▓
≈.....≈#'########§###.ww≈▓
≈≈§≈..≈#._._._..#≈§≈##≈≈≈▓
≈≈≈≈≈.≈#.._._._.#§§≈§####▓
≈≈≈≈≈≈≈#._._._._#≈§≈§≈##
≈≈§≈≈§≈#_._._._.#§≈§§≈≈#
≈§≈≈≈≈≈#._._._..#≈§≈≈≈§+
§§###≈≈#_._._...#≈≈§≈§§#
≈≈#.#≈≈#._._....#≈≈§≈§≈▓


You could see a kraken and 2 tentacles.

Vanquished Creatures
  An ice statue (D)
  A merfolk siren (D)
  A yaktaur (D)
  A hornet (D)
  3 polar bears (D)
  12 flying skulls (D)
  3 neqoxecs (D)
  5 water moccasins (D)
  4 necrophages (D)
  3 worms (D)
  3 tentacles (D)
37 creatures vanquished.

Vanquished Creatures (others)
  A blink frog (D)
  A neqoxec (D)
  Menkaure (D)
  16 tentacles (D)
19 creatures vanquished.

Grand Total: 56 creatures vanquished

Notes
Turn   | Place    | Note
-------+----------+-------------------------------------------
     0 | D        | boopmooplesden the Minotaur Fighter began the quest for the
                  | Orb.
     0 | D        | Reached XP level 1. HP: 19/19 MP: 0/0
     1 | D        | Noticed a necrophage
     1 | D        | Noticed a necrophage
     1 | D        | Noticed a necrophage
     1 | D        | Noticed a necrophage
     4 | D        | Killed a necrophage
     5 | D        | Reached skill level 4 in Axes
     5 | D        | Reached XP level 2. HP: 31/31 MP: 1/1
     5 | D        | Reached XP level 3. HP: 38/38 MP: 2/2
     5 | D        | Reached XP level 4. HP: 45/45 MP: 3/3
     9 | D        | Killed a necrophage
    10 | D        | Reached XP level 5. HP: 45/53 MP: 4/4
    15 | D        | Killed a necrophage
    16 | D        | Reached skill level 5 in Axes
    19 | D        | Killed a necrophage
    20 | D        | Reached skill level 6 in Axes
    20 | D        | Reached XP level 6. HP: 55/64 MP: 5/5
    28 | D        | Noticed a neqoxec
    30 | D        | Noticed a neqoxec
    32 | D        | Gained mutation: Your magical capacity is low. (-10% MP) [a
                  | neqoxec]
    33 | D        | Killed a neqoxec
    34 | D        | Reached skill level 10 in Fighting
    34 | D        | Reached skill level 7 in Axes
    34 | D        | Reached skill level 10 in Armour
    34 | D        | Reached skill level 10 in Shields
    34 | D        | Noticed a neqoxec
    36 | D        | Killed a neqoxec
    36 | D        | Gained mutation: You have a pair of large horns on your
                  | head. [a neqoxec]
    37 | D        | Reached skill level 1 in Dodging
    37 | D        | Reached XP level 7. HP: 59/73 MP: 5/5
    46 | D        | Killed a neqoxec
    47 | D        | Reached skill level 8 in Axes
    68 | D        | Killed Menkaure
   179 | D        | Killed a neqoxec
   254 | D        | Found Feitebbe's Magic Scroll Shop.
   254 | D        | Found Uwkicech's General Store.
   254 | D        | Found Larif's Book Shop.
   254 | D        | Found Dimnor's Distillery.
   254 | D        | Found Qouvaekhlea's Armour Shop.
   254 | D        | Found Wipul's Antique Armour Boutique.
   254 | D        | Found Buoq's General Store.
   254 | D        | Found Icaonwimyx's Jewellery Boutique.
   265 | D        | Found Satec's Distillery.
   265 | D        | Found Wucuonaf's Antique Weapon Boutique.
   265 | D        | Noticed a shining eye
   265 | D        | Noticed a blink frog
   305 | D        | Killed a blink frog
   411 | D        | Noticed a merfolk siren
   423 | D        | Killed a merfolk siren
   424 | D        | Reached skill level 9 in Axes
   424 | D        | Reached XP level 8. HP: 50/83 MP: 6/6
   588 | D        | Found Kuos's Antique Weapon Boutique.
   588 | D        | Found Ogaagef's Antique Armour Shop.
   588 | D        | Noticed a shining eye
   588 | D        | Noticed a shining eye
   588 | D        | Noticed an oklob plant
   589 | D        | Found Qaboush's Jewellery Shop.
   589 | D        | Found Qahim's Book Shoppe.
   589 | D        | Found Tahomnewk's Distillery.
   596 | D        | Reached skill level 10 in Axes
   604 | D        | Bought a heavily runed scale mail for 225 gold pieces
   604 | D        | Identified the +0 scale mail "Daorum" {rElec rC- rCorr
                  | Str-2 SInv} (You bought it in a shop in the Dungeon)
   606 | D        | Noticed a cane toad
   607 | D        | Noticed a cane toad
   613 | D        | Bought a cloak for 117 gold pieces
   613 | D        | Bought a pair of boots for 117 gold pieces
   629 | D        | Bought a scroll of enchant armour for 75 gold pieces
   663 | D        | Found a glowing silver altar of Zin.
   664 | D        | Found a glowing golden altar of the Shining One.
   664 | D        | Found a basalt altar of Yredelemnul.
   664 | D        | Found a hide-covered altar of Uskayaw.
   665 | D        | Found a shimmering altar of Xom.
   665 | D        | Found a bloodstained altar of Trog.
   666 | D        | Found an ornate altar of the Wu Jian Council.
   666 | D        | Found a shimmering blue altar of Sif Muna.
   666 | D        | Found a corrupted altar of Lugonu.
   666 | D        | Found a radiant altar of Vehumet.
   666 | D        | Found a burning altar of Makhleb.
   667 | D        | Found a sacrificial altar of Ru.
   667 | D        | Found an ancient bone altar of Kikubaaqudgha.
   667 | D        | Found a white marble altar of Elyvilon.
   667 | D        | Found a sparkling altar of Nemelex Xobeh.
   667 | D        | Found a blossoming altar of Fedhas.
   668 | D        | Found a stormy altar of Qazlal.
   668 | D        | Found a viscous altar of Jiyva.
   668 | D        | Found a shadowy altar of Dithmenos.
   669 | D        | Found a hazy altar of Hepliaklqana.
   669 | D        | Found a snail-covered altar of Cheibriados.
   670 | D        | Noticed a polar bear
   670 | D        | Noticed a polar bear
   671 | D        | Noticed a hornet
   672 | D        | Noticed a polar bear
   673 | D        | Found an iron altar of Okawaru.
   673 | D        | Found an opulent altar of Gozag.
   673 | D        | Noticed a yaktaur
   684 | D        | Killed a polar bear
   688 | D        | Killed a polar bear
   689 | D        | Reached skill level 11 in Axes
   689 | D        | Killed a hornet
   694 | D        | Killed a polar bear
   695 | D        | Reached skill level 12 in Axes
   695 | D        | Reached XP level 9. HP: 17/92 MP: 7/7
   697 | D        | Killed a yaktaur
   710 | D        | Became a worshipper of Warmaster Okawaru
  1043 | D        | Noticed a kraken
  1069 | D        | Reached skill level 13 in Axes
  1249 | D        | Reached * piety under Okawaru
  1262 | D        | Reached skill level 14 in Axes
  1263 | D        | Reached skill level 5 in Dodging
  1282 | D        | Reached ** piety under Okawaru
  1288 | D        | Reached XP level 10. HP: 50/103 MP: 8/8
  1302 | D        | Reached skill level 15 in Axes
  1370 | D        | Noticed an ice statue
  1657 | D        | Killed an ice statue
  1662 | D        | Noticed Roxanne
  2001 | D        | Bought a scroll of identify for 20 gold pieces
  2013 | D        | Bought a scroll of acquirement for 520 gold pieces
  2013 | D        | Acquired 1047 gold pieces
  2021 | D        | Bought the ring "Zelui" {+Blink rF- rN+ Int+4 Dex+4} for
                  | 569 gold pieces
  2041 | D        | Bought a potion of resistance for 120 gold pieces
  2041 | D        | Bought a ring of protection from fire for 300 gold pieces
  2042 | D        | Lost mutation: Your magical capacity is low. (-10% MP)
                  | [potion of mutation]
  2042 | D        | Lost mutation: You have a pair of large horns on your head.
                  | [potion of mutation]
  2042 | D        | Gained mutation: You are strong-willed. (Will+) [potion of
                  | mutation]
  2042 | D        | Gained mutation: You have sharp toenails. [potion of
                  | mutation]
  2230 | D        | Mangled by a tentacle

Illustrated notes

Levels and vault maps discovered:
D:        the_violet_keep_of_menkaure [sprint2_stairs_cluster_1,
          sprint2_shoproom, sprint2_temple, sprint2_basic_supplies,
          sprint2_obstacle_2, sprint2_obstacle_1, sprint2_obstacle_5,
          sprint2_obstacle_6, sprint2_obstacle_7, sprint2_timed_cluster_1,
          sprint2_smallroom_cluster_1, sprint2_smallroom_final_cluster_1,
          sprint2_transparent_cluster_1, sprint2_second_timed_cluster_1,
          sprint2_sniper_area_1, sprint2_heavy_combat_area_1,
          sprint2_mutation_trap_area_1, sprint2_forest_area_1,
          sprint2_light_combat_area_1, sprint2_behind_water_1,
          sprint2_near_end_vault_1]

Skill      XL: |  1  2  3  4  5  6  7  8  9 10 |
---------------+-------------------------------+-----
Fighting       | 6 8 9 10 11 12 14 | 14.6
Axes           | 4 6 7 9 12 14 15 | 15.3
Armour         | 6 7 9 10 11 12 14 | 14.4
Shields        | 6 7 9 10 11 12 13 | 13.7
Dodging        | 1 2 3 5 6 |  6.1
Invocations    | |  0.4

Action                   |  1- 3 |  4- 6 |  7- 9 | 10-12 || total
-------------------------+-------+-------+-------+-------++-------
Melee: War axe           |     2 |    22 |   124 |    53 ||   201
       Headbutt          |       |     2 |    24 |     7 ||    33
Invok: Heroism           |       |       |     1 |     2 ||     3
  Use: Potion            |     1 |       |     4 |     2 ||     7
       Scroll            |       |       |     6 |     2 ||     8
Armor: Scale mail        |     1 |     5 |    64 |    18 ||    88
Dodge: Dodged            |       |     6 |    54 |    22 ||    82
Block: Buckler           |       |     5 |    40 |    17 ||    62
